[Event "*** MasterClass Titled Tuesday Blitz"]
[Site "Chess.com"]
[Date "2017.10.03"]
[Round "4"]
[White "Superfelix"]
[Black "Gudmundur_Kjartansson"]
[Result "1/2-1/2"]
[WhiteElo "2288"]
[BlackElo "2324"]
[TimeControl "180+2"]
[EndTime "13:51:21 PDT"]
[Termination "Game drawn by agreement"]

1. e4 e6 2. d4 d5 3. Nd2 Be7 4. Ngf3 Nf6 5. Bd3 c5 6. dxc5 O-O 7. a3 a5 8. Qe2 Nc6 9. O-O Bxc5 10. c3 e5 11. exd5 Nxd5 12. Ne4 Be7 13. Neg5 h6 14. c4 Nf6 15. Ne4 Bg4 16. Nxf6+ gxf6 17. Qe3 Bc5 18.
Qe4 f5 19. Qd5 Qxd5 20. cxd5 Bxf3 21. gxf3 Nd4 22. Kg2 Rfd8 23. Be3 Rxd5 24. Rac1 b6 25. Bxh6 Kh7 26. Be3 Rg8+ 27. Kh1 Rg6 28. Bxd4 exd4 29. Rg1 Rh6 30. Rg5 Bd6 31. Rxf5 Rxh2+ 32. Kg1 Rxf5 33. Bxf5+ Kg7 34. Rc6 Rh6 35. Kf1 Bc5 36. Rxh6 Kxh6 37. Ke2 Kg5 38. Bd7 Kf4 39. Be8 f6 40. Bd7 d3+ 41.
Kxd3 Kxf3 42. Kc4 Kxf2 43. b4 axb4 44. axb4 Be3 45. Kd3 Kf3 46. Bc6+ Kf4 47. Ke2 Bd4 48.
b5 f5 49. Kf1 Ke3 50. Bd7 f4 51. Bc6 f3 52. Bd7 f2 53. Bc6 Kd3 54. Be8 Kc4 55.
Bd7 Kc5 1/2-1/2

[Event "*** MasterClass Titled Tuesday Blitz"]
[Site "Chess.com"]
[Date "2017.10.03"]
[Round "4"]
[White "Muracle"]
[Black "MaxLeto"]
[Result "0-1"]
[WhiteElo "2461"]
[BlackElo "2330"]
[TimeControl "180+2"]
[EndTime "13:51:27 PDT"]
[Termination "MaxLeto won by resignation"]

1. Nf3 d5 2. g3 c6 3. Bg2 Nf6 4. O-O g6 5. d3 Bg7 6. Nbd2 O-O 7. e4 h6 8. Re1 Be6 9. e5 Ne8 10. Nf1 Nd7 11. h4 Nc7 12. Be3 Nxe5 13. Nxe5 Bxe5 14. Bxh6 Bxb2 15. Rb1 Bc3 16. Re2 Re8 17. d4 Nb5 18. Be3 Bg4 19. f3 Bd7 20. a4 Nd6 21. Bf4 b6 22. g4 Nc4 23. Ng3 e5 24. Bg5 f6 25.
Bh6 Bxd4+ 26. Kh2 f5 27. Bg5 Qc7 28. gxf5 gxf5 29. Bh3 e4 30. f4 Be3 31. Rxe3 Nxe3 32. Qh5 Be6 33. Rg1 Qf7 34. Qe2 d4 35. Bh6 Kh7 36.
Nxe4 Kxh6 37. Nd6 Qc7 38. Nxe8 Qxf4+ 39. Kh1 Rxe8 40. Rg5 Bd5+ 41. Kg1 Ng4 42. Rh5+ Kg7 43. Rg5+ Qxg5 44. Qxe8 Qc1+ 45. Bf1 Qe3+ 46. Qxe3 dxe3 47. Bd3 f4 48. Kf1 f3 0-1

[Event "*** MasterClass Titled Tuesday Blitz"]
[Site "Chess.com"]
[Date "2017.10.03"]
[Round "4"]
[White "TamNguyen2"]
[Black "TryingToGetBetter94"]
[Result "0-1"]
[WhiteElo "2225"]
[BlackElo "2309"]
[TimeControl "180+2"]
[EndTime "13:51:28 PDT"]
[Termination "TryingToGetBetter94 won by resignation"]

1. c4 Nf6 2. Nf3 e6 3. g3 d5 4. Bg2 c5 5. O-O d4 6. a3 Nc6 7. d3 e5 8. e3 Be7 9. e4 O-O 10. Ne1 Ne8 11. f4 f5 12. Nd2 exf4 13. gxf4 Nf6 14.
e5 Ng4 15. Ndf3 Ne3 16. Bxe3 dxe3 17. Nc2 g5 18. Nxe3 gxf4 19. Nd5 Be6 20. Nxf4 Nd4 21. Nxd4 Qxd4+ 22. Kh1 Bf7 23. Qe2 Bg5 24. Nd5 Rae8 25. Rae1 Bh4 26. Qe3 Kh8 27. Qxd4 cxd4 28. Re2 Bh5 29. Bf3 Bg6 30. Nf4 Bf7 31. e6 Bg8 32.
Bxb7 Rf6 33. Bd5 Rh6 34. b4 Bg3 35. Kg1 Bh4 36. c5 Bd8 37. b5 Be7 38. Rc1 Bg5 39.
Rf2 Rh4 40. Rcf1 Re7 41. b6 axb6 42. cxb6 Re8 43. b7 Be7 44. a4 Bd6 45. Ng2 Bxh2+ 46. Kh1 Rh6 47. Ne1 Bg3+ 48. Kg1 Bxf2+ 49. Kxf2 Bxe6 50. Bxe6 Rhxe6 51. Nf3 Re2+ 52. Kg3 f4+ 53. Kxf4 Rf8+ 54. Kg3 Rb2 55. Ra1 0-1

[Event "*** MasterClass Titled Tuesday Blitz"]
[Site "Chess.com"]
[Date "2017.10.03"]
[Round "4"]
[White "SergeiAza"]
[Black "Kirill_Klukin"]
[Result "1-0"]
[WhiteElo "2704"]
[BlackElo "2497"]
[TimeControl "180+2"]
[EndTime "13:51:36 PDT"]
[Termination "SergeiAza won by resignation"]

1. e4 c5 2. Nf3 Nc6 3. Bb5 d6 4. O-O Bd7 5. Re1 Nf6 6. c3 a6 7. Bf1 Bg4 8. h3 Bxf3 9. Qxf3 g6 10. d3 Bg7 11. Be3 Nd7 12. Nd2 O-O 13. Qg3 b5 14.
Nf3 Nde5 15. Nxe5 Bxe5 16. f4 Bg7 17. Rad1 b4 18. d4 Qa5 19. d5 Nb8 20. cxb4 cxb4 21. Bc4 Nd7 22. h4 Rac8 23. b3 Nf6 24. Bd4 Nh5 25.
Qf2 Bxd4 26. Rxd4 Qc5 27. e5 Ng7 28. Rd2 Qxf2+ 29. Kxf2 a5 30. g4 h5 31. gxh5 Nxh5 32. Kf3 a4 33. Rg2 Ng7 34. e6 fxe6 35. Rxg6 e5 36. Reg1 Rxf4+ 37. Ke3 Rf7 38. h5 Kh8 39. Rh6+ Kg8 40. Rhg6 Kh8 41. Bd3 axb3 42. axb3 Rcf8 43. Rh6+ Kg8 44. Bh7+ Kh8 45. Bf5+ Kg8 46. Be6 e4 47.
Kxe4 Rc8 48. Bxc8 1-0

[Event "*** MasterClass Titled Tuesday Blitz"]
[Site "Chess.com"]
[Date "2017.10.03"]
[Round "4"]
[White "petrpalachev"]
[Black "Cruel_Yaro"]
[Result "1/2-1/2"]
[WhiteElo "2600"]
[BlackElo "2697"]
[TimeControl "180+2"]
[EndTime "13:51:37 PDT"]
[Termination "Game drawn by repetition"]

1. Nf3 a6 2. d4 Nf6 3. Nbd2 c5 4. e3 e6 5. Bd3 d5 6. b3 Nc6 7. a3 cxd4 8. exd4 Bd6 9. Bb2 O-O 10. O-O b6 11. Qe2 Bb7 12. Rfe1 Ne7 13. Ne5 Nd7 14. Ndf3 Ng6 15. g3 Ndxe5 16. Nxe5 Bxe5 17. dxe5 a5 18. Bd4 Qc7 19. Qe3 Ba6 20. Bxb6 Qc6 21. Bc5 Rfc8 22. b4 Bxd3 23. cxd3 axb4 24. axb4 Qb5 25. d4 Qc4 26. h4 Nf8 27. h5 h6 28. Rec1 Qb5 29. Kg2 Nd7 30. Qd2 Ra4 31. Rxa4 Qxa4 32. Qb2 Qb5 33. g4 f6 34. exf6 Nxf6 35. f3 Ra8 36.
Ra1 Rxa1 37. Qxa1 Qe2+ 38. Kg3 Qe3 39. Qf1 Ne4+ 40. Kg2 Nc3 41. b5 Qd2+ 42. Kh3 Ne2 43. b6 Nf4+ 44. Kg3 Ne2+ 45. Kh3 Nf4+ 46. Kg3 Ne2+ 47.
Kg2 Nf4+ 48. Kg3 Ne2+ 49. Kh3 Nf4+ 50. Kg3 1/2-1/2

[Event "*** MasterClass Titled Tuesday Blitz"]
[Site "Chess.com"]
[Date "2017.10.03"]
[Round "4"]
[White "sergiochess83"]
[Black "severomorskij"]
[Result "1/2-1/2"]
[WhiteElo "2719"]
[BlackElo "2661"]
[TimeControl "180+2"]
[EndTime "13:51:41 PDT"]
[Termination "Game drawn by repetition"]

1. e4 c5 2. Nf3 Nc6 3. Nc3 e5 4. Bc4 Be7 5. d3 Nf6 6. Nd2 d6 7. Nf1 O-O 8. Ne3 Nd7 9. a4 Nb6 10. Ba2 Bg5 11. O-O Kh8 12. Bd2 a5 13. Kh1 Be6 14.
Ned5 Bxd2 15. Qxd2 Bxd5 16. Bxd5 Nxd5 17. Nxd5 Nb4 18. Ne3 Nc6 19. f4 exf4 20. Rxf4 Qg5 21. Raf1 Ne5 22. b3 h6 23. Rf5 Qh4 24. Nc4 Nxc4 25.
bxc4 Qe7 26. Qf4 f6 27. g4 Qd7 28. h4 Kh7 29. g5 fxg5 30. hxg5 Rxf5 31. exf5 Qxa4 32. f6 Qc6+ 33. Kh2 Rf8 34. Qf5+ g6 35. Qh3 h5 36. Re1 Rf7 37. Qe6 Qc7 38. Qe8 d5+ 39.
Kg2 h4 40. Re7 Qg3+ 41. Kf1 Qf3+ 42. Ke1 Qg3+ 43. Ke2 Qg4+ 44. Ke1 Qg1+ 45. Ke2 Qg4+ 46. Ke1 Qg1+ 47. Ke2 Qg4+ 1/2-1/2

[Event "*** MasterClass Titled Tuesday Blitz"]
[Site "Chess.com"]
[Date "2017.10.03"]
[Round "4"]
[White "peteseeger"]
[Black "calemcc"]
[Result "1-0"]
[WhiteElo "2139"]
[BlackElo "2183"]
[TimeControl "180+2"]
[EndTime "13:51:42 PDT"]
[Termination "peteseeger won by resignation"]

1. e4 e6 2. b3 d5 3. Bb2 Nf6 4. e5 Nfd7 5. Qg4 c5 6. f4 Nc6 7. Nf3 b6 8. Be2 Bb7 9. O-O d4 10. c3 f5 11. exf6 Qxf6 12. cxd4 Nxd4 13. Nxd4 cxd4 14.
Bc4 Nc5 15. Re1 O-O-O 16. Bxe6+ Kb8 17. Bc4 Bd6 18. Na3 Qxf4 19. Qxf4 Bxf4 20. Rad1 Ne4 21. g3 Bh6 22. Nb5 Nxd2 23. Nxd4 Rxd4 24. Bxd4 Nf3+ 25.
Kf2 Nxe1 26. Kxe1 Re8+ 27. Kf2 Rf8+ 28. Kg1 Re8 29. Bf2 Ka8 30. g4 Bf4 31. Bg3 Be3+ 32. Kf1 Rf8+ 33. Ke1 Bc5 34. Rd7 Re8+ 35. Kd2 Be3+ 36.
Kd3 g5 37. Bd5 Bxd5 38. Rxd5 Bc5 39. Rxg5 Re3+ 40. Kc4 Re7 41. Kb5 Kb7 42. Rf5 a6+ 43. Kc4 Be3 44. h4 Bc5 45. g5 Re4+ 46. Kd5 Rg4 47. Be1 Kc8 48. h5 Rd4+ 49. Ke6 Kd8 50. g6 hxg6 51. hxg6 Rd6+ 52. Kf7 Bd4 53. Bh4+ Kc8 54.
Bf6 Rd7+ 55. Kg8 Bxf6 56. Rxf6 Kb7 57. g7 b5 58. Kh7 Rd8 59. g8=Q Rxg8 60. Kxg8 a5 61. Kf7 a4 62. Ke6 axb3 1-0

[Event "*** MasterClass Titled Tuesday Blitz"]
[Site "Chess.com"]
[Date "2017.10.03"]
[Round "4"]
[White "AdrianaNikolova"]
[Black "Dhaydon19"]
[Result "1-0"]
[WhiteElo "2407"]
[BlackElo "2466"]
[TimeControl "180+2"]
[EndTime "13:52:00 PDT"]
[Termination "AdrianaNikolova won on time"]

1. e4 e6 2. d4 d5 3. Nd2 Nf6 4. e5 Nfd7 5. f4 c5 6. c3 cxd4 7. cxd4 Nc6 8. Ndf3 Qb6 9. a3 a5 10. b3 Be7 11. Bb2 O-O 12. Bd3 f5 13. Ne2 g6 14.
O-O Rf7 15. Kh1 Nf8 16. Rg1 h5 17. h3 Bd7 18. Ng5 Bxg5 19. fxg5 h4 20. Bc2 Qd8 21.
Bc1 Rh7 22. g4 hxg3 23. Rxg3 Rh4 24. Bf4 Qb6 25. Qd2 Kg7 26. Rf1 Rc8 27. Be3 Qd8 28.
Kh2 Qe7 29. a4 Nb4 30. Bb1 b5 31. axb5 Bxb5 32. Rc1 Rxc1 33. Nxc1 Qc7 34. Bf4 Nd7 35. Rc3 Qb6 36. Kg3 Rh8 37. h4 Nc6 38. Be3 Rf8 39. Kf4 Qb8 40. Nd3 Rh8 41. Bf2 Kf7 42. Qe3 Bxd3 43. Rxd3 Rc8 44. Kf3 Ncxe5+ 45. dxe5 Nxe5+ 46.
Kg2 Nxd3 47. Bxd3 Qc7 48. Qd4 Qe7 49. Be1 1-0

[Event "*** MasterClass Titled Tuesday Blitz"]
[Site "Chess.com"]
[Date "2017.10.03"]
[Round "4"]
[White "VladimirBelous"]
[Black "Alexander_Donchenko"]
[Result "1-0"]
[WhiteElo "2646"]
[BlackElo "2579"]
[TimeControl "180+2"]
[EndTime "13:52:05 PDT"]
[Termination "VladimirBelous won by resignation"]

1. Nf3 Nf6 2. g3 b5 3. d3 Bb7 4.
e4 c5 5. Bg2 d6 6. O-O g6 7. a4 a6 8. e5 Nd5 9. Ng5 h6 10. e6 hxg5 11. exf7+ Kxf7 12. c4 Nd7 13. Bxg5 Bg7 14. Qd2 N7f6 15. Bxf6 Bxf6 16. cxd5 Rh5 17. Nc3 Qh8 18. h4 b4 19. Ne4 Bxb2 20. Rae1 Bf6 21.
Qf4 Rf5 22. Qg4 Bxd5 23. Nxd6+ exd6 24. Bxd5+ Kg7 25. Be4 Qh5 26. Qxh5 Rxh5 27. Bxa8 b3 28. Rb1 b2 29. Rfd1 Rh8 30. Bd5 Rb8 31. Bc4 Rb4 32. Bxa6 d5 33. Bb5 c4 34. dxc4 dxc4 35. Rd7+ Kh6 36.
Rd6 c3 37. Bd3 Kg7 38. a5 Be5 39. Rd5 Kf6 40. a6 Ra4 41. Rd7 Ke6 42. Rb7 Bd4 43.
Bxg6 Rxa6 44. Bd3 Ra5 45. Kf1 Ra8 46. Ke2 Rf8 47. f4 Rg8 48. Kf3 Kd5 49. Rb5+ Kc6 50.
Rb4 Kc5 51. Rc4+ Kd5 52. Rc7 Re8 53. Kg4 Re3 54. Bf5 Bb6 55. Rd7+ Kc6 56. Rbd1 Bc5 57. Rd8 Re2 58. Rc8+ Kb5 59. Rd5 c2 60. Rdxc5+ Kb6 61. Bxc2 Rxc2 62. Rxc2 b1=Q 63. Rb8+ 1-0

[Event "*** MasterClass Titled Tuesday Blitz"]
[Site "Chess.com"]
[Date "2017.10.03"]
[Round "4"]
[White "chessking2151"]
[Black "Robin-Side"]
[Result "1/2-1/2"]
[WhiteElo "2366"]
[BlackElo "2582"]
[TimeControl "180+2"]
[EndTime "13:52:08 PDT"]
[Termination "Game drawn by repetition"]

1. e4 g6 2. d4 Bg7 3. Nf3 e6 4. h4 d5 5. e5 h6 6. h5 g5 7. c3 Ne7 8. Bd3 c5 9. Bc2 Nbc6 10. Be3 cxd4 11. cxd4 Qb6 12. b3 Nb4 13. Nc3 Nxc2+ 14.
Qxc2 Bd7 15. Rc1 Rc8 16. Qb2 Nf5 17. g4 Nxe3 18. fxe3 Bf8 19. Kf2 Bb4 20. Na4 Qa5 21. Rxc8+ Bxc8 22. a3 Be7 23. Rc1 Bd7 24. Nc5 Bc6 25.
b4 Qb6 26. a4 a6 27. a5 Qb5 28. Qb1 O-O 29. Nxe6 fxe6 30. Qg6+ Kh8 31. Qxh6+ Kg8 32. Qg6+ Kh8 33. h6 Rg8 34. Qf7 Qxb4 35. h7 Rf8 36.
Qxe6 Qb2+ 37. Kg3 Qxc1 38. Qxe7 Rxf3+ 39. Kxf3 Qf1+ 40. Kg3 Qg1+ 41. Kf3 Qh1+ 42. Kf2 Qh2+ 43. Kf3 Qh3+ 44. Kf2 Qh4+ 45. Kf1 Qxg4 46. Qf7 Qh3+ 47. Kf2 Qh2+ 48. Ke1 Qh1+ 49. Kf2 Qh2+ 50. Ke1 Qh4+ 51.
Kd2 Qh2+ 52. Kc3 Qxh7 53. Qf8+ Qg8 54. Qh6+ Qh7 55. Qf8+ Qg8 56. Qh6+ Qh7 57. Qf8+ Qg8 1/2-1/2

[Event "*** MasterClass Titled Tuesday Blitz"]
[Site "Chess.com"]
[Date "2017.10.03"]
[Round "4"]
[White "2L8IWUN"]
[Black "DiogenesSinopeus"]
[Result "0-1"]
[WhiteElo "1798"]
[BlackElo "2363"]
[TimeControl "180+2"]
[EndTime "13:52:16 PDT"]
[Termination "DiogenesSinopeus won by resignation"]

1. d4 Nf6 2. Bf4 d5 3. e3 c5 4. dxc5 Nc6 5. Bb5 Bg4 6. Ne2 e6 7. f3 Bh5 8. b4 Rc8 9. Nd4 Nd7 10. Nxc6 bxc6 11. Ba6 g5 12. Bxc8 gxf4 13. Bxd7+ Kxd7 14. exf4 Qf6 15. c3 Qxf4 16. Qd2 Qh4+ 17. Qf2 Qg5 18. O-O Rg8 19. Qd2 Qf6 20. Kh1 Bh6 21. Qe2 Bf4 22. g3 Bc7 23. Qe3 Rg5 24. f4 Re5 25.
Qd4 Be2 26. Rf2 Bf3+ 27. Rxf3 Re1+ 28. Kg2 Qf5 29. Rf1 Qc2+ 30. Qf2 Re2 31. a4 Qe4+ 32.
Kg1 Rxf2 33. Rxf2 Qe1+ 34. Kg2 Qe4+ 35. Kg1 f5 36. Nd2 Qd3 37. Rc1 a5 38. b5 Qe3 39.
bxc6+ Kxc6 40. Nb3 Bd8 41. Rc2 Be7 42. Re2 Qd3 43. Nd4+ Kxc5 44. Nxe6+ Kc4 45. Ng7 Bc5 46. Kg2 Bxf2 47. Rxf2 Qxc3 48. Nxf5 d4 49. Nd6+ Kd5 50. Nf7 d3 51. Ne5 Kd4 52. Nf3+ Ke3 53. f5 Qc6 54.
Kg1 Qxa4 55. f6 Qa1+ 56. Kg2 Qxf6 57. Nd2 Qxf2+ 0-1

[Event "*** MasterClass Titled Tuesday Blitz"]
[Site "Chess.com"]
[Date "2017.10.03"]
[Round "4"]
[White "Oleksandr_Bortnyk"]
[Black "SerGo055"]
[Result "1-0"]
[WhiteElo "2831"]
[BlackElo "2435"]
[TimeControl "180+2"]
[EndTime "13:52:17 PDT"]
[Termination "Oleksandr_Bortnyk won on time"]

1. e4 d5 2. exd5 Nf6 3. Nf3 Qxd5 4. Nc3 Qd8 5. Bc4 Bf5 6. O-O e6 7. Re1 Be7 8. d3 O-O 9. h3 c6 10. a3 Nbd7 11. Qe2 b5 12. Bb3 Nb6 13. Ne4 c5 14.
Ng3 Bg6 15. Ne5 Rc8 16. Nxg6 hxg6 17. c3 c4 18. dxc4 bxc4 19. Bc2 Nfd5 20. Qg4 Nf6 21. Qf3 Qd5 22. Ne4 Rfd8 23. Be3 Qb5 24. Rab1 a5 25. Bd4 Nbd5 26. a4 Qc6 27. Ng5 Bc5 28. Rbd1 Ne7 29.
Be4 Ned5 30. Bxf6 gxf6 31. Nxe6 fxe6 32. Qg4 Qd7 33. Bxg6 Kf8 34. Rxe6 Qg7 35. Qf5 Be7 36.
Rde1 Rc5 37. Qe4 Rc7 38. h4 Qh6 39. h5 Rdd7 40. Ra6 Nf4 41. Ra8+ Kg7 42. Bf5 Rd8 43.
Rxa5 Qg5 44. Qf3 Rc5 45. Rxe7+ Kf8 46. Rxc5 Kxe7 47. g3 Ne6 48. Rd5 Rxd5 49. Qxd5 Ng7 50. Qd7+ Kf8 51. Qd8+ Kf7 52. Bg6+ 1-0

[Event "*** MasterClass Titled Tuesday Blitz"]
[Site "Chess.com"]
[Date "2017.10.03"]
[Round "4"]
[White "BogdanDeac"]
[Black "Gordima"]
[Result "0-1"]
[WhiteElo "2632"]
[BlackElo "2576"]
[TimeControl "180+2"]
[EndTime "13:52:20 PDT"]
[Termination "Gordima won by resignation"]

1. d4 Nf6 2. c4 g6 3. g3 Bg7 4.
Bg2 O-O 5. Nc3 d6 6. Nf3 c6 7. O-O Bf5 8. Ne1 Be6 9. d5 cxd5 10. cxd5 Bd7 11. Be3 Na6 12. Bd4 Qa5 13. Nd3 Rfc8 14. a3 Qd8 15. Rc1 Nc7 16. Qb3 Rcb8 17. Rfd1 Bf5 18. e4 Bg4 19. Re1 Qf8 20. h3 Bc8 21. Ne2 Nfe8 22. e5 Bf5 23. exd6 exd6 24. Ndf4 Na6 25.
Qe3 Bxd4 26. Nxd4 Bd7 27. Nf3 Nc5 28. b4 Na4 29. h4 Nb6 30. h5 Rc8 31. hxg6 hxg6 32.
Ng5 Ng7 33. Ne4 Ne8 34. Bf1 Qg7 35. Bd3 Qb2 36. Rxc8 Rxc8 37. Ng5 Qf6 38. Ne4 Qg7 39. Ng5 Nf6 40. Qd2 Qh6 41. Ne4 Nxe4 42. Bxe4 Nc4 43.
Qd4 Ne5 44. Qxa7 g5 45. Nd3 Ng4 46. Qxb7 Rc2 47. Kf1 Nh2+ 48. Kg1 Ng4 49. Kf1 Bf5 50. Qb8+ Kg7 51. Qe8 Qh3+ 52. Kg1 Qh2+ 53. Kf1 Rxf2+ 0-1

[Event "*** MasterClass Titled Tuesday Blitz"]
[Site "Chess.com"]
[Date "2017.10.03"]
[Round "4"]
[White "krzyzan94"]
[Black "grzechu96"]
[Result "1-0"]
[WhiteElo "2599"]
[BlackElo "2425"]
[TimeControl "180+2"]
[EndTime "13:52:23 PDT"]
[Termination "krzyzan94 won by resignation"]

1. d4 Nf6 2. c3 g6 3. Bg5 Bg7 4. Nd2 d5 5. Ngf3 O-O 6. e3 c5 7. h4 Nc6 8. Be2 cxd4 9. exd4 Qb6 10. Qb3 Qxb3 11. Nxb3 Bg4 12. Nfd2 Bxe2 13. Kxe2 e6 14. Nc5 Rfc8 15. a4 b6 16. Nd3 Nd7 17. h5 a6 18. hxg6 hxg6 19. Nf3 Na5 20. Nfe5 Nxe5 21. Nxe5 Ra7 22. Ng4 Nc4 23. Nf6+ Kf8 24. Rh7 Nxb2 25. Rah1 Rxc3 26. Rh8+ Bxh8 27. Rxh8+ Ke7 28. Re8+ Kd6 29.
Bf4+ Kc6 30. Rc8+ Kb7 31. Rxc3 Nc4 32. Rh3 b5 33. Rh8 bxa4 34. Nd7 a3 35. Nc5+ Kc6 36. Rc8+ Kb5 37. Rb8+ Ka5 38. Bd2+ Nxd2 39. Kxd2 a2 40. Kc2 Rc7 41. Kb2 e5 42. Kxa2 exd4 43. Nb3+ Ka4 44. Nxd4 Rc4 45. Nf3 Rc2+ 46. Rb2 Rxb2+ 47. Kxb2 f6 48. Kc3 Kb5 49. Kd4 Kc6 50. Nd2 a5 51. Nb1 a4 52. Na3 Kd6 53. g4 Ke6 54. f4 Kd6 55. f5 gxf5 56. gxf5 Kc6 57. Nc2 Kd6 58. Na3 Kc6 59. Nb1 Kb5 60. Nc3+ Kb4 61. Nxa4 1-0

[Event "*** MasterClass Titled Tuesday Blitz"]
[Site "Chess.com"]
[Date "2017.10.03"]
[Round "4"]
[White "mazetofonias"]
[Black "Cayse"]
[Result "0-1"]
[WhiteElo "2486"]
[BlackElo "2650"]
[TimeControl "180+2"]
[EndTime "13:52:29 PDT"]
[Termination "Cayse won by resignation"]

1. d4 Nf6 2. Nf3 e6 3. Bg5 b6 4. Nbd2 Bb7 5. e4 h6 6. Bxf6 Qxf6 7. c3 g6 8. Bd3 Bg7 9. Qe2 O-O 10.
h4 d6 11. e5 Qe7 12. h5 g5 13. O-O-O Nd7 14. Kb1 Rfd8 15. Nc4 dxe5 16. Nfxe5 c5 17. Nxd7 Rxd7 18. dxc5 bxc5 19. Be4 Rb8 20. Rxd7 Qxd7 21.
Bxb7 Qxb7 22. Qf3 Qxf3 23. gxf3 Bxc3 24. Kc2 Bd4 25. Rf1 Kg7 26. b3 Kf6 27. Kd3 Rd8 28. Ke2 e5 29. Rd1 Ke6 30. Rd3 Rb8 31. Rd1 f5 32. Rg1 Kd5 33. Rd1 Kc6 34. Rg1 Re8 35. Rd1 e4 36. Na5+ Kd5 37. Nc4 exf3+ 38. Kxf3 g4+ 39.
Kf4 Re2 40. Kxf5 Rxf2+ 41. Kxg4 Rxa2 42. Kf3 Rh2 43. Kg4 Rg2+ 44. Kf3 Rg5 45. Rh1 Kc6 46.
Rh2 Kb5 47. Ra2 Rxh5 48. Rxa7 Kb4 49. Rb7+ Kc3 50. Nd6 Kd3 51. Kg4 Rd5 52. Nf5 h5+ 53.
Kf4 Bc3 54. Kg5 Bd2+ 55. Kg6 Kc3 56. Rh7 Kxb3 57. Rxh5 c4 58. Rh7 c3 59. Rb7+ Ka2 60. Rc7 Kb2 61. Kf6 c2 62. Ke6 Rd3 63. Rb7+ Ka2 64.
Ra7+ Ra3 0-1

[Event "*** MasterClass Titled Tuesday Blitz"]
[Site "Chess.com"]
[Date "2017.10.03"]
[Round "4"]
[White "OparinGrigoriy"]
[Black "Margency"]
[Result "1-0"]
[WhiteElo "2659"]
[BlackElo "2525"]
[TimeControl "180+2"]
[EndTime "13:52:40 PDT"]
[Termination "OparinGrigoriy won by resignation"]

1. e4 d5 2. exd5 Qxd5 3. Nc3 Qd6 4. Nf3 Nf6 5. d4 c6 6. Ne5 Nbd7 7. f4 Nb6 8. Be2 g6 9. O-O Bg7 10. a4 a5 11. b3 O-O 12. Ba3 Qc7 13. Bf3 Be6 14.
Qe1 Rfd8 15. Rd1 Nbd5 16. Ne4 Nxf4 17. Ng5 c5 18. Bxc5 h6 19. Nxe6 Nxe6 20. Nxg6 Nxc5 21. Nxe7+ Kf8 22. Nf5 Ne6 23. Qh4 Qf4 24. Qxf4 Nxf4 25. Bxb7 Ne2+ 26. Kf2 Rab8 27. Kxe2 Rxb7 28. Kd3 Nd5 29.
Nxg7 Nb4+ 30. Ke2 Kxg7 31. Rd2 Nd5 32. Kd3 Nb4+ 33. Ke2 Re7+ 34. Kd1 Re4 35. c3 Nd5 36. Rf3 Rc8 37. Kc2 Re1 38. Kb2 Rg1 39. Re2 Rc7 40. Rg3+ Kf8 41. Rf3 Rd1 42. Re5 Rd7 43. Rff5 Ne7 44.
Rf2 Nc6 45. Rc5 Rd6 46. Kc2 Rg1 47. Kd3 Kg7 48. Kc4 Rb1 49. Rf3 Rc1 50. Rg3+ Kf8 51. Rd5 Rf6 52. Kb5 Ke7 53. Re3+ Kf8 54. Rc5 Ne7 55. Kxa5 Rb1 56. b4 Nf5 57. Rf3 Nxd4 58.
Rxf6 Nb3+ 59. Kb5 Ke7 60. Rf2 Nxc5 61. Kxc5 Ra1 62. a5 Ke6 63. c4 f5 64. Kb6 Kd6 65. b5 Ke5 66. c5 1-0

[Event "*** MasterClass Titled Tuesday Blitz"]
[Site "Chess.com"]
[Date "2017.10.03"]
[Round "4"]
[White "plouarzel"]
[Black "TregubovP"]
[Result "1/2-1/2"]
[WhiteElo "2470"]
[BlackElo "2510"]
[TimeControl "180+2"]
[EndTime "13:52:42 PDT"]
[Termination "Game drawn - insufficient material"]

1. e4 c5 2. Nf3 e6 3. g3 d5 4.
exd5 exd5 5. d4 Nc6 6. Bg2 Bg4 7. O-O cxd4 8. h3 Bxf3 9. Qxf3 Nf6 10. Bg5 Be7 11. Bxf6 Bxf6 12. Qxd5 Qxd5 13. Bxd5 O-O 14. Nd2 Rfd8 15. Be4 Rac8 16. a3 b6 17. Rad1 d3 18. c3 Ne5 19. f4 Nd7 20. Bf5 g6 21. Bxd7 Rxd7 22. Ne4 Be7 23. Kg2 f5 24. Nd2 Kf7 25. Nf3 Bf6 26. Rd2 Re8 27. Kf2 b5 28. Rfd1 Rde7 29.
Re1 Rxe1 30. Nxe1 a5 31. Nxd3 Re4 32. Re2 Rc4 33. Ke3 Ke6 34. Kd2+ Kd5 35. Re8 g5 36.
Rb8 Kc6 37. Rf8 Be7 38. Ne5+ Kb7 39. Nxc4 Bxf8 40. Nxa5+ Kb6 41. Nb3 gxf4 42. gxf4 Kc6 43. Nd4+ Kd5 44. Ke3 Bc5 45. Kd3 Bd6 46. Nxf5 Bxf4 47. b3 Bc1 48. c4+ bxc4+ 49. bxc4+ Ke5 50. Nd4 Bxa3 51. Nc6+ Kf4 52. Nd4 Kg3 53. Nb5 Bb4 54. Nc3 Kxh3 55. Nd5 Bc5 56. Nf6 h6 57. Ke4 Kg3 58.
Kf5 Kf3 59. Kg6 Ke3 60. Kxh6 Kd4 61. Ne4 Kxc4 62. Nxc5 1/2-1/2

[Event "*** MasterClass Titled Tuesday Blitz"]
[Site "Chess.com"]
[Date "2017.10.03"]
[Round "4"]
[White "dzhumagaliev"]
[Black "yosephtaher"]
[Result "0-1"]
[WhiteElo "2592"]
[BlackElo "2576"]
[TimeControl "180+2"]
[EndTime "13:52:44 PDT"]
[Termination "yosephtaher won by checkmate"]

1. d4 Nf6 2. c4 g6 3. Nc3 Bg7 4. e4 d6 5. Nf3 O-O 6. Be2 e5 7. O-O Na6 8. Bg5 h6 9. Bh4 g5 10. Bg3 Nh5 11. dxe5 Nxg3 12. hxg3 dxe5 13. Qxd8 Rxd8 14.
Rfd1 Be6 15. a3 Nc5 16. b4 Nb3 17. Rab1 Nd4 18. Nxd4 exd4 19. Na2 b5 20. Rbc1 d3 21.
Bxd3 bxc4 22. Be2 Bb2 23. Rc2 Rxd1+ 24. Bxd1 Bxa3 25. Be2 c5 26. b5 Rb8 27. Bxc4 Bxc4 28.
Rxc4 Rxb5 29. Nc3 Ra5 30. Nd5 Bb2 31. f4 Bd4+ 32. Kh2 Ra1 33. Kh3 h5 34. Kh2 g4 35. e5 Kg7 36. Ne7 Kh7 37. Nf5 Bg1+ 38. Kh1 a5 39. Nd6 Kg6 40. f5+ Kg5 41. Nxf7+ Kxf5 42. Rf4+ Ke6 43. Rf6+ Ke7 44. Nh6 Bd4+ 45. Kh2 Bxe5 46.
Rf5 Bd4 47. Ng8+ Ke6 48. Rxh5 c4 49. Rh6+ Kf7 50. Rh5 Bg1+ 51. Kh1 c3 52. Nh6+ Kg7 53. Rg5+ Kf6 54. Rf5+ Kg6 55. Rd5 c2 56. Rd6+ Kg7 57. Nf5+ Kf7 58. Nh6+ Kf8 59. Rd8+ Ke7 60. Rc8 Be3+ 61.
Kh2 Bg1+ 62. Kh1 Bc5+ 63. Kh2 Rh1+ 64. Kxh1 c1=Q+ 65. Kh2 Qg1# 0-1

[Event "*** MasterClass Titled Tuesday Blitz"]
[Site "Chess.com"]
[Date "2017.10.03"]
[Round "4"]
[White "Krasimir_Rusev"]
[Black "Fandorine"]
[Result "1-0"]
[WhiteElo "2543"]
[BlackElo "2632"]
[TimeControl "180+2"]
[EndTime "13:52:46 PDT"]
[Termination "Krasimir_Rusev won by resignation"]

1. d4 Nf6 2. Nf3 e6 3. Bf4 c5 4.
e3 Nc6 5. Nbd2 d5 6. c3 Be7 7. Bb5 O-O 8. O-O Nh5 9. Bxc6 bxc6 10. Ne5 Nxf4 11. Nxc6 Qc7 12. Nxe7+ Qxe7 13. exf4 Rb8 14. b3 Ba6 15. Re1 cxd4 16. cxd4 Qf6 17. Nf3 Qxf4 18. Qc1 Qxc1 19. Raxc1 Rfc8 20. Ne5 Bb5 21. f4 f6 22. Ng4 Kf7 23. Kf2 Bd3 24. Ke3 Be4 25. g3 a5 26. Nf2 f5 27. Nd3 a4 28.
Ne5+ Ke8 29. bxa4 Ra8 30. a5 Rcb8 31. Rc5 Rb2 32. Rec1 Rxa2 33. Rc8+ Rxc8 34. Rxc8+ Ke7 35. Rc7+ Ke8 36. Rxg7 Rxa5 37. Rg8+ Ke7 38. Nc6+ Kf7 39. Nxa5 Kxg8 40. Nc6 Kf7 41. Ne5+ Ke7 42. Kd2 Kd6 43. Kc3 Bg2 44. Kb4 Bf1 45. Ka5 Kc7 46. Nf7 h5 47.
Ne5 Be2 48. Ng6 Bd1 49. Kb5 Kd6 50. Kb6 Ba4 51. Ne5 Be8 52. Nf3 Ba4 53. Ng5 Be8 54. Nh7 Ba4 55. Nf6 Bd1 56. Kb7 Ke7 57. Nh7 h4 58. gxh4 Kf7 59. Ng5+ Kg6 60. Kc7 Kh5 61. Kd6 Kxh4 62. Kxe6 Kg4 63. Ke5 Bc2 64. Nh7 Be4 65.
Nf6+ Kf3 66. h4 1-0

[Event "*** MasterClass Titled Tuesday Blitz"]
[Site "Chess.com"]
[Date "2017.10.03"]
[Round "4"]
[White "Shtembuliak"]
[Black "nubair1198"]
[Result "1-0"]
[WhiteElo "2622"]
[BlackElo "2446"]
[TimeControl "180+2"]
[EndTime "13:52:47 PDT"]
[Termination "Shtembuliak won by resignation"]

1. Nf3 Nf6 2. g3 g6 3. b3 Bg7 4. Bb2 O-O 5. Bg2 d6 6. d4 a5 7.
a4 Nc6 8. O-O e5 9. dxe5 Ng4 10.
Nc3 Ngxe5 11. Nxe5 Bxe5 12. Qd2 Re8 13. Rad1 Bg4 14.
h3 Be6 15. Qc1 Qf6 16. Ne4 Qg7 17. Bxe5 Qxe5 18. e3 Bf5 19. Rd5 Qe7 20. Nc3 Qf6 21. Qd2 Nb4 22. Rb5 Bxc2 23. Rxb7 Bxb3 24. Rxc7 d5 25.
Rb1 Qb6 26. Rd7 Qe6 27. Rc7 Qb6 28. Rd7 Qe6 29. Rc7 Qb6 30. Rxf7 Kxf7 31. Rxb3 d4 32. Bxa8 dxc3 33. Bd5+ Kg7 34. Qxc3+ Kh6 35. Qc4 Qf6 36.
Rxb4 axb4 37. Qxb4 Rc8 38. Qd2 Qa1+ 39. Kg2 Qxa4 40.
e4+ Kg7 41. Qb2+ Kh6 42. Qf6 Qe8 43. h4 Qd8 44. Qf4+ Kg7 45. Qf7+ Kh8 46. h5 gxh5 47. Qxh5 Qf6 48. Qe2 Rb8 49. e5 Qf5 50. Bc4 Kg7 51. e6 Kf6 52. Qe3 Rd8 53. Qc3+ Qe5 54. Qf3+ Qf5 55.
Qc3+ Qe5 56. Qf3+ Qf5 57. Qe2 Qe5 58. Qg4 Rd4 59. Qf3+ Qf5 60. Qxf5+ Kxf5 61. e7 Re4 62. Bd3 Kf6 63. Bxe4 Kxe7 64. Bxh7 Kf6 65. Bb1 Kg7 66. f4 Kf6 67. Kf3 Kg7 68. Ba2 Kh6 69. g4 Kg7 70. g5 Kh8 71. f5 Kg7 72. Kg4 Kh7 73.
f6 Kh8 74. Kf5 Kh7 75. Ke6 Kh8 76. Kf7 Kh7 77. g6+ Kh6 78. g7 Kh5 79. g8=Q Kh4 80. Qg2 Kh5 1-0